 Dungeon Crawl Stone Soup version 0.29-a0-418-gc0181ea820 (webtiles) character file.

Game seed: 2839106838269617814

142 OTABOTABOTAB the Insei (level 5, -5/40 HPs)
             Began as a Gnoll Transmuter on May 18, 2022.
             Slain by Duvessa
             ... wielding a +0 rapier
              (17 damage)
             ... on level 4 of the Dungeon.
             The game lasted 00:03:46 (2024 turns).

OTABOTABOTAB the Insei (Gnoll Transmuter)           Turns: 2024, Time: 00:03:46

Health: -5/40      AC:  2    Str: 11    XL:     5   Next: 25%
Magic:  9/12       EV: 22    Int: 13    God:
Gold:   145        SH:  0    Dex: 17    Spells: 10/14 levels left

rFire   . . .      SeeInvis .     - Unarmed
rCold   . . .      Faith    .   (shield currently unavailable)
rNeg    . . .      Spirit   .   (body armour currently unavailable)
rPois   x          Reflect  .   (helmet currently unavailable)
rElec   .          Harm     .   (cloak currently unavailable)
rCorr   .          Rampage  .   (gloves currently unavailable)
Will    .....                   (boots currently unavailable)
Stlth   ++........              (no amulet)
HPRegen 0.13/turn               (no ring)
MPRegen 0.13/turn               (no ring)

@: spider-form
A: venomous fangs, tiny, (fangs 1), strong nose, distributed training
a: End Transformation


You were on level 4 of the Dungeon.
You were a venomous arachnid creature.
You visited 1 branch of the dungeon, and saw 4 of its levels.

You collected 145 gold pieces.

Inventory:

Missiles
 o - 6 poisoned darts
 r - 5 boomerangs
 s - 138 stones
Armour
 a - a +0 robe (melded)
 k - a +0 pair of gloves (melded)
   (You found it on level 2 of the Dungeon)
 l - a +0 pair of boots (melded)
   (You found it on level 2 of the Dungeon)
Wands
 e - a wand of charming (9)
   (You found it on level 3 of the Dungeon)
Scrolls
 b - a scroll of blinking {unknown}
 c - a scroll of poison {unknown}
 d - 3 scrolls of teleportation {unknown}
 f - a scroll of vulnerability {unknown}
 g - a scroll of enchant armour {unknown}
 h - a scroll of fear {unknown}
 i - a scroll of immolation {unknown}
 j - a scroll of enchant weapon {unknown}
 q - 2 scrolls of identify {unknown}
Potions
 m - a potion of haste {unknown}
 p - a potion of cancellation {unknown}
 J - a potion of curing {@q1}
 P - 2 potions of lignification {!q}


   Skills:
 + Level 2.9 Fighting
 + Level 1.4 Short Blades
 + Level 1.4 Long Blades
 + Level 1.4 Axes
 + Level 1.4 Maces & Flails
 + Level 1.4 Polearms
 + Level 1.4 Staves
 + Level 1.4 Slings
 + Level 1.4 Bows
 + Level 1.4 Crossbows
 + Level 1.4 Throwing
 + Level 1.4 Armour
 + Level 4.7 Dodging
 + Level 1.4 Stealth
 + Level 1.4 Shields
 + Level 6.7 Unarmed Combat
 + Level 5.2 Spellcasting
 + Level 1.1 Conjurations
 + Level 1.1 Hexes
 + Level 1.1 Summonings
 + Level 1.1 Necromancy
 + Level 1.1 Translocations
 + Level 3.9 Transmutations
 + Level 1.1 Fire Magic
 + Level 1.1 Ice Magic
 + Level 1.1 Air Magic
 + Level 1.1 Earth Magic
 + Level 1.1 Poison Magic
 + Level 1.6 Invocations
 + Level 1.4 Evocations


You had 10 spell levels left.
You knew the following spells:

 Your Spells              Type           Power      Damage    Failure   Level
a - Beastly Appendage     Tmut           26%        N/A       12%         1
b - Spider Form           Tmut/Pois      10%        N/A       38%         3

Your spell library contained the following spells:

 Spells                   Type           Power      Damage    Failure   Level
 Wereblood                Tmut           13%        N/A       16%         2
 Ensorcelled Hibernation  Hex/Ice        12%        N/A       36%         2
 Ice Form                 Ice/Tmut       10%        N/A       75%         4
 Anguish                  Hex/Necr       3%         N/A       89%         4


Dungeon Overview and Level Annotations

Branches:
Dungeon (4/15)
 Temple: D:4-7

Altars:
Fedhas
Kikubaaqudgha
Okawaru
Vehumet
Yredelemnul

Annotations:
D:4 Duvessa


Innate Abilities, Weirdness & Mutations

You are a venomous arachnid creature.
You have poisonous fangs.
You are tiny and dextrous.
Your spellcasting is less reliable in this form.
Your armour is entirely melded.
You are incapable of wielding weapons or throwing items.
((You have very sharp teeth.))
Your uncanny sense of smell can sniff out nearby items.
Your experience applies equally to all skills.


Message History

An orc comes into view. It is wielding a +0 flail.
Found a stone staircase leading down.
Your transformation is almost over.
You closely miss the orc. Your kick misses the orc. Your bite misses the orc.
You punch the orc! Your headbutt misses the orc. The orc misses you.
Unknown command.
You hit the orc.
You kill the orc!
No target in view!
No target in view!
You now have 145 gold pieces (gained 12).
Your horns disappear.
Your talons disappear.
Your +0 pair of boots unmelds from your body.
There is a stone staircase leading down here.
There is a stone staircase leading down here.
A hobgoblin comes into view.
The hobgoblin shouts!
You hear a shout!
You hear an angry hiss.
The hobgoblin moves out of view.
A hobgoblin is nearby!
A hobgoblin is nearby!
You hit the hobgoblin.
You kill the hobgoblin!
No target in view!
No target in view!
No target in view!
Dowan, Brother of Duvessa comes into view.
He is wielding a +2 dagger of venom.
You grow a pair of large bovine horns.
Your feet morph into talons.
Your +0 pair of boots melds into your body.
You now have 10/11 mp.
You punch Dowan! Your kick misses Dowan.
Dowan points at you and mumbles some strange words.
The puff of flame misses you.
You punch Dowan! Dowan casts a spell at you. You resist with some effort.
You hit Dowan.
You kill Dowan!
You hear a distant scream of rage.
An adder comes into view.
Your Conjurations skill increases to level 1!
Your Hexes skill increases to level 1!
Your Summonings skill increases to level 1!
Your Necromancy skill increases to level 1!
Your Translocations skill increases to level 1!
Your Fire Magic skill increases to level 1!
Your Ice Magic skill increases to level 1!
Your Air Magic skill increases to level 1!
Your Earth Magic skill increases to level 1!
Your Poison Magic skill increases to level 1!
You have reached level 5!
Health restored: 40 The adder hisses angrily.
Your transformation is almost over.
You miss the adder. Your kick misses the adder.
You bite the adder, but do no damage. The adder barely misses you.
You miss the adder. Your bite misses the adder. The adder barely misses you.
You hit the adder. The adder bites you.
You take 3 damage, and have 37/40 hp.
You hit the adder. Your kick misses the adder. The adder bites you.
Duvessa, Sister of Dowan comes into view.
She is wielding a +0 rapier.
You take 1 damage, and have 36/40 hp.
Okay, then.
Unknown command.
Duvessa shouts!
You punch the adder!
You kill the adder!
Duvessa goes berserk!
Duvessa rages.
You don't know that spell.
Adjust (i)tems, (s)pells, or (a)bilities?
Adjust which spell? c - Spider Form Adjust to which letter? b - Spider Form The spell is quite dangerous to miscast (19% risk of failure)!
Continue anyway?
Your horns disappear.
Your talons disappear.
Your +0 pair of boots unmelds from your body.
You turn into a venomous arachnid creature.
Your +0 pair of gloves melds into your body.
Your +0 pair of boots melds into your body.
Your +0 robe melds into your body.
You now have 9/12 mp.
Duvessa hits you with a +0 rapier!
You take 8 damage, and have 28/40 hp.
You bite Duvessa!
Duvessa is poisoned.
Duvessa hits you with a +0 rapier!
You take 8 damage, and have 20/40 hp.
You bite Duvessa!
Duvessa looks as sick as possible!
Duvessa completely misses you.
You bite Duvessa!
Duvessa looks as sick as possible!
Duvessa misses you. Duvessa hits you with a +0 rapier!!
* * * LOW HITPOINT WARNING * * *
You take 18 damage, and have 2/40 hp.
MASSIVE DAMAGE!!
It was a potion of curing.
You feel better.
J - a potion of curing Duvessa misses you.
You regained 10 hp, and now have 12/40 hp.
You hit Duvessa.
Duvessa looks as sick as possible!
Duvessa hits you with a +0 rapier!
You die...

########.###.##....
.........##.##.#.# #
.........##>##)#.. #.
##..........>..... #..
#.####...........
#..###.####.######._..
#.......†.....# #.....
#...e.........###....8
#...)s.##.....<.<.....
#...#####.....###.....
..... #.....# #...._
.... ####### #.....
?.. ##.##. .# #.# #
#.# #.# #.


You could see Duvessa (berserk, extremely poisoned).

Vanquished Creatures
  Dowan (D:4)
  2 adders
  A worm (D:2)
  2 dart slugs
  3 orcs
  7 bats
  7 endoplasms
  A giant cockroach (D:2)
  8 goblins
  7 hobgoblins
  4 jackals (D:2)
  4 quokkas
  4 ball pythons (D:1)
  3 frilled lizards (D:2)
  4 kobolds
  3 rats
61 creatures vanquished.

Vanquished Creatures (others)
  A plant (D:1)
1 creature vanquished.

Grand Total: 62 creatures vanquished

Notes
Turn   | Place    | Note
-------+----------+-------------------------------------------
     0 | D:1      | OTABOTABOTAB the Gnoll Transmuter began the quest for the
                  | Orb.
     0 | D:1      | Reached XP level 1. HP: 17/17 MP: 6/6
    37 | D:1      | Reached XP level 2. HP: 21/23 MP: 7/7
   513 | D:1      | Reached XP level 3. HP: 23/28 MP: 9/9
   517 | D:1      | Learned a level 3 spell: Spider Form
   608 | D:1      | Reached skill level 5 in Spellcasting
   889 | D:2      | Reached skill level 1 in Invocations
  1073 | D:2      | Reached skill level 1 in Short Blades
  1073 | D:2      | Reached skill level 1 in Long Blades
  1073 | D:2      | Reached skill level 1 in Axes
  1073 | D:2      | Reached skill level 1 in Maces & Flails
  1073 | D:2      | Reached skill level 1 in Polearms
  1073 | D:2      | Reached skill level 1 in Staves
  1073 | D:2      | Reached skill level 1 in Slings
  1073 | D:2      | Reached skill level 1 in Bows
  1073 | D:2      | Reached skill level 1 in Crossbows
  1073 | D:2      | Reached skill level 1 in Throwing
  1073 | D:2      | Reached skill level 1 in Armour
  1073 | D:2      | Reached skill level 1 in Stealth
  1073 | D:2      | Reached skill level 1 in Shields
  1073 | D:2      | Reached skill level 1 in Evocations
  1215 | D:2      | Reached XP level 4. HP: 33/34 MP: 9/11
  1280 | D:2      | Found a radiant altar of Vehumet.
  1606 | D:3      | Found a faded altar of an unknown god.
  1648 | D:3      | Found an iron altar of Okawaru.
  1954 | D:4      | Found an ancient bone altar of Kikubaaqudgha.
  1954 | D:4      | Found a basalt altar of Yredelemnul.
  1954 | D:4      | Found a blossoming altar of Fedhas.
  2001 | D:4      | Noticed Dowan
  2006 | D:4      | Killed Dowan
  2007 | D:4      | Reached skill level 1 in Conjurations
  2007 | D:4      | Reached skill level 1 in Hexes
  2007 | D:4      | Reached skill level 1 in Summonings
  2007 | D:4      | Reached skill level 1 in Necromancy
  2007 | D:4      | Reached skill level 1 in Translocations
  2007 | D:4      | Reached skill level 1 in Fire Magic
  2007 | D:4      | Reached skill level 1 in Ice Magic
  2007 | D:4      | Reached skill level 1 in Air Magic
  2007 | D:4      | Reached skill level 1 in Earth Magic
  2007 | D:4      | Reached skill level 1 in Poison Magic
  2007 | D:4      | Reached XP level 5. HP: 40/40 MP: 10/12
  2016 | D:4      | Noticed Duvessa
  2022 | D:4      | HP: 2/40 [Duvessa/+0 rapier (18)]
  2024 | D:4      | Slain by Duvessa

Illustrated notes

Levels and vault maps discovered:
D:1:      wander_arrival_fairy_ring, layout_basic, minmay_tromino_i2
D:2:      layout_basic, basic_altar
D:3:      layout_rooms, mainiacjoe_overflow_chevrons, serial_glass,
          glass_columns_c, glass_columns_b, basic_ecumenical_altar,
          minmay_crystal_water
D:4:      layout_loops_ring, grunt_temple_overflow_open,
          nemelex_xobeh_ov_fountains_minmay, hangedman_ru_absence,
          minmay_temple_entry_poolview, ebering_ghost_rock_garden, minivault_4,
          chequers_mini_garden, uniq_grinder, uniq_duvessa, uniq_edmund

Skill      XL: |  1  2  3  4 |
---------------+-------------+-----
Spellcasting   | 5 |  5.2
Invocations    | 1 |  1.6
Short Blades   | 1 |  1.4
Long Blades    | 1 |  1.4
Axes           | 1 |  1.4
Maces & Flails | 1 |  1.4
Polearms       | 1 |  1.4
Staves         | 1 |  1.4
Slings         | 1 |  1.4
Bows           | 1 |  1.4
Crossbows      | 1 |  1.4
Throwing       | 1 |  1.4
Armour         | 1 |  1.4
Stealth        | 1 |  1.4
Shields        | 1 |  1.4
Evocations     | 1 |  1.4
Conjurations   | 1 |  1.1
Hexes          | 1 |  1.1
Summonings     | 1 |  1.1
Necromancy     | 1 |  1.1
Translocations | 1 |  1.1
Fire Magic     | 1 |  1.1
Ice Magic      | 1 |  1.1
Air Magic      | 1 |  1.1
Earth Magic    | 1 |  1.1
Poison Magic   | 1 |  1.1
Fighting       | |  2.9
Dodging        | |  4.7
Unarmed Combat | |  6.7
Transmutations | |  3.9

Action                   |  1- 3 |  4- 6 || total
-------------------------+-------+-------++-------
Melee: Unarmed           |    83 |    43 ||   126
       Bite              |     9 |     5 ||    14
       Kick              |    15 |     4 ||    19
       Headbutt          |     7 |     4 ||    11
       Punch             |     1 |       ||     1
 Cast: Beastly Appendage |    21 |     9 ||    30
       Spider Form       |       |     1 ||     1
 Abil: End Transformatio |     1 |       ||     1
  Use: Potion            |       |     1 ||     1
 Stab: Sleeping          |     4 |     1 ||     5
Armor: Robe              |    15 |     4 ||    19
Dodge: Dodged            |    41 |    26 ||    67

Table legend: (Time is in decaauts)
 A = Elapsed time spent in this place.
 B = Non-inter-level travel time spent in this place.
 C = Inter-level travel time spent in this place.
 D = Time resting spent in this place.
 E = Time spent auto-exploring this place.
 F = Levels seen in this place.
 G = Mean time per level.
                   A        B        C        D        E       F      G
               +--------+--------+--------+--------+--------+-----+--------+
         Total |   2008 |   1945 |     63 |      0 |   1565 |   4 |  502.0 |
       Dungeon |   2008 |   1945 |     63 |      0 |   1565 |   4 |  502.0 |
               +--------+--------+--------+--------+--------+-----+--------+

Top non-repeatable levels by time:
     D:2: 779 daAuts
     D:1: 666 daAuts
     D:3: 495 daAuts
     D:4: 68 daAuts

Table legend:
 A = Kills in this place as a percentage of kills in entire the game.
 B = Kills by you in this place as a percentage of kills by you in the entire game.
 C = Kills by friends in this place as a percentage of kills by friends in the entire game.
 D = Other kills in this place as a percentage of other kills in the entire game.
 E = Experience gained in this place as a percentage of experience gained in the entire game.
 F = Experience gained in this place divided by the number of levels of this place that you have seen.
                   A       B       C       D       E      F
               +-------+-------+-------+-------+-------+----------------------
         Total | 100.0 | 100.0 |   N/A |   N/A | 100.0 |  51.0
       Dungeon | 100.0 | 100.0 |   N/A |   N/A | 100.0 |  51.0
               +-------+-------+-------+-------+-------+----------------------
